 Dungeon Crawl Stone Soup version 0.26.0-91-g99b343417d (webtiles) character file.

Game seed: 4718580121456362957

203 PentaManta the Ruffian (level 5, -3/50 HPs)
             Began as a Troll Abyssal Knight on Feb 3, 2021.
             Was a Follower of Lugonu.
             Slain by a goblin
             ... wielding a +0 club
             ... led by Robin
              (6 damage)
             ... on level 3 of the Dungeon.
             The game lasted 00:03:49 (1189 turns).

PentaManta the Ruffian (Troll Abyssal Knight)       Turns: 1189, Time: 00:03:50

Health: -3/50      AC:  6    Str: 21    XL:     5   Next: 51%
Magic:  5/5        EV: 10    Int:  8    God:    Lugonu [*.....]
Gold:   65         SH:  0    Dex:  9    Spells: 4/4 levels left

rFire    . . .     SeeInvis .     - Unarmed
rCold    + . .     Faith    .   (no shield)
rNeg     . . .     Spirit   .   a - +0 robe
rPois    .         Reflect  .   (helmet restricted)
rElec    .         Harm     .   (no cloak)
rCorr    .         Rampage  .   (gloves unavailable)
Will     .....                  (boots unavailable)
Stlth    +.........             (no amulet)
HPRegen  0.56/turn              j - ring of protection from cold
MPRegen  0.09/turn              (no ring)

@: no status effects
A: large, unfitting armour, claws 3, regeneration 1, shaggy fur 1, tough skin 3
a: Renounce Religion, Depart the Abyss


You were on level 3 of the Dungeon.
You worshipped Lugonu.
Lugonu was aware of your devotion.
You visited 1 branch of the dungeon, and saw 3 of its levels.
You visited the Abyss 1 time.

You collected 65 gold pieces.

Inventory:

Hand Weapons
 d - a cursed -2 dagger
Armour
 a - a +0 robe (worn)
Jewellery
 j - a ring of protection from cold (left claw)
Scrolls
 h - a scroll of identify {unknown}
 l - a scroll of magic mapping {unknown}
Potions
 b - 2 potions of flight {unknown}
 c - a potion of invisibility {unknown}
 e - a potion of lignification {unknown}
 f - a potion of heal wounds {unknown}
 g - a potion of experience {unknown}
 i - a potion of curing {unknown}
 k - a potion of might {unknown}


   Skills:
 - Level 2.4 Fighting
 - Level 1.9 Dodging
 * Level 5.8 Unarmed Combat
 - Level 1.6 Invocations


You had 4 spell levels left.
You didn't know any spells.
Your spell library was empty.

Dungeon Overview and Level Annotations

Branches:
Dungeon (2/15)

Altars:
Ashenzari

Annotations:
D:3 Robin


Innate Abilities, Weirdness & Mutations

You are too large for most types of armour.
You have claws for hands.
Your natural rate of healing is unusually fast.
You are covered in fur. (AC +1)
You have extremely tough skin. (AC +3)


Message History

You kill the hobgoblin!
Lugonu accepts your kill. The bat hits you but does no damage.
The goblin hits you but does no damage. x4
You barely miss the goblin. The bat hits you but does no damage.
The goblin hits you with a +0 club.
* * * LOW HITPOINT WARNING * * *
The goblin hits you but does no damage. The goblin barely misses you.
The goblin hits you with a +0 dagger.
* * * LOW HITPOINT WARNING * * *
The goblin hits you but does no damage.
You barely miss the goblin. The bat barely misses you. x2
The goblin hits you but does no damage. The goblin barely misses you.
The goblin closely misses you.
The goblin hits you but does no damage. x2
You barely miss the goblin.
The goblin no longer looks unusually strong.
The bat barely misses you. The bat hits you but does no damage.
The goblin hits you.
* * * LOW HITPOINT WARNING * * *
The goblin hits you with a +0 club.
You die...

..... .....
..._.g #
......
#.#####......
#..ggbgg....
#g@#⌠.#
##gg..#
#g...#
#.....#
##.#...#
#.#.....
#.#.####.
#.#.# # .. .#


You could see Robin, a hobgoblin (strong), 6 goblins and a bat.

Vanquished Creatures
  Sigmund (D:3)
  2 leopard geckos
  3 bats (D:1)
  A giant cockroach (D:2)
  7 hobgoblins
  2 jackals (D:2)
  A ball python (D:1)
  3 frilled lizards
  3 goblins
  4 kobolds
  5 rats
32 creatures vanquished.

Notes
Turn   | Place    | Note
-------+----------+-------------------------------------------
     0 | Abyss:1  | PentaManta the Troll Abyssal Knight began the quest for the
                  | Orb.
     0 | Abyss:1  | Reached XP level 1. HP: 22/22 MP: 1/1
    88 | Abyss:1  | Noticed a small abomination
    88 | Abyss:1  | Noticed an iron imp
   156 | Abyss:1  | Noticed a large abomination
   336 | Abyss:1  | Noticed an ancient zyme
   340 | D:1      | Escaped the Abyss
   482 | D:1      | Reached XP level 2. HP: 29/29 MP: 2/2
   548 | D:1      | Reached skill level 3 in Unarmed Combat
   628 | D:1      | Reached * piety under Lugonu
  1004 | D:2      | Reached XP level 3. HP: 32/36 MP: 3/3
  1173 | D:2      | You fall into a shaft and drop 1 floor!
  1173 | D:3      | Found a broken altar of Ashenzari.
  1173 | D:3      | Noticed Sigmund
  1173 | D:3      | Noticed Robin
  1182 | D:3      | Killed Sigmund
  1183 | D:3      | Reached skill level 5 in Unarmed Combat
  1183 | D:3      | Reached XP level 4. HP: 15/44 MP: 4/4
  1183 | D:3      | Reached XP level 5. HP: 17/50 MP: 5/5
  1189 | D:3      | Slain by a goblin

Illustrated notes

Levels and vault maps discovered:
D:1:      mrwooster_arrival_statue_3, layout_rooms
D:2:      layout_basic
D:3:      layout_loops_ring, nemelex_xobeh_ov_fountains_minmay,
          evilmike_ruin_ashenzari, kennysheep_generic_room_9, uniq_sigmund,
          uniq_grinder, uniq_robin

Skill      XL: |  1  2  3 |
---------------+----------+-----
Unarmed Combat | 3 5 |  5.8
Fighting       | |  2.4
Dodging        | |  1.9
Invocations    | |  1.6

Action                   |  1- 3 |  4- 6 || total
-------------------------+-------+-------++-------
Melee: Unarmed           |    64 |     7 ||    71
Invok: Depart the Abyss  |     1 |       ||     1
Armor: Robe              |    24 |    16 ||    40
Dodge: Dodged            |    35 |    11 ||    46
